 Dungeon Crawl Stone Soup version 0.31-a0-229-g1fc7ce93e2 (webtiles) character file.

Game seed: 6578054504719891274

91 qw the Shooter (level 4, -4/26 HPs)
             Began as a Gargoyle Hexslinger on July 6, 2023.
             Killed by divine providence
             ... invoked by an orc priest
              (9 damage)
             ... on level 3 of the Dungeon.
             The game lasted 00:00:50 (1797 turns).

qw the Shooter (Gargoyle Hexslinger)                Turns: 1797, Time: 00:00:51

Health: -4/26      AC:  8    Str: 11    XL:     4   Next: 57%
Magic:  5/5        EV: 10    Int: 14    God:
Gold:   112        SH:  0    Dex: 14    Spells: 4/5 levels left

rFire   . . .        Y - +1 sling
rCold   . . .        (no shield)
rNeg    + . .        d - +0 ring mail
rPois   inf          (no helmet)
rElec   +            (no cloak)
rCorr   +            (no gloves)
SInv    .            (no boots)
Will    .....        (no amulet)
Stlth   +            e - ring of resist corrosion
HPRegen 0.24/turn    (no ring)
MPRegen 0.09/turn

%: no passive effects
@: no status effects
A: sickness immunity, AC +3, negative energy resistance 1, electricity
resistance, torment resistance 1, petrification resistance
a: no special abilities


You were on level 3 of the Dungeon.
You visited 1 branch of the dungeon, and saw 3 of its levels.

You collected 112 gold pieces.


Innate Abilities, Weirdness & Mutations

You are immune to sickness and miasma.
Your stone body is resilient. (AC +3)
You are immune to poison.
You resist negative energy. (rN+)
You are resistant to electric shocks. (rElec)
You are resistant to unholy torment.
You are immune to petrification.


   Skills:
 - Level 2.0 Fighting
 + Level 4.2 Ranged Weapons
 - Level 1.0 Armour
 - Level 1.5 Dodging
 - Level 1.0 Spellcasting
 - Level 2.6 Hexes


You had 4 spell levels left.
You knew the following spells:

 Your Spells              Type           Power      Damage    Failure   Level
a - Slow                  Hex            32%        N/A       21%         1

Your spell library contained the following spells:

 Spells                   Type           Power      Damage    Failure   Level
 Inner Flame              Hex/Fire       4%         N/A       71%         3
 Portal Projectile        Hex/Tloc       8%         N/A       71%         3
 Cause Fear               Hex            4%         N/A       90%         4

Inventory:

Hand Weapons
 Y - a +1 sling (weapon)
Armour
 d - a +0 ring mail (worn)
Jewellery
 e - a ring of resist corrosion (left hand)
Potions
 b - a potion of invisibility {unknown}
 g - a potion of berserk rage {unknown}
 h - a potion of haste {unknown}

Dungeon Overview and Level Annotations

Branches:
Dungeon (3/15)

Altars:
Dithmenos


Message History

1772 ||| STILL FLEEEEING.
1773 ||| FLEEEEING.
1774 ||| FLEEEEING.
1775 ||| FLEEEEING.
1776 ||| FLEEEEING.
1777 ||| FLEEEEING.
1778 ||| FLEEEEING.
1779 ||| FLEEEEING.
1780 ||| STILL FLEEEEING.
1781 ||| STILL FLEEEEING.
1782 ||| STILL FLEEEEING.
1783 ||| STILL FLEEEEING.
Enter note:
Enter note:
1784 ||| STILL FLEEEEING.
1785 ||| STILL FLEEEEING.
1786 ||| STILL FLEEEEING.
1787 ||| STILL FLEEEEING.
Enter note:
Enter note:
1788 ||| STILL FLEEEEING.
You start resting.
An orc priest is nearby!
You shoot a sling bullet. The sling bullet hits the orc priest.
The orc priest is moderately wounded.
You shoot a sling bullet.
The sling bullet hits the orc priest but does no damage.
The orc priest is moderately wounded.
The orc priest invokes the aid of Beogh against you.
Beogh smites you!
You shoot a sling bullet. The sling bullet hits the orc priest.
The orc priest is heavily wounded.
The orc priest looks satisfied for a moment. x2
You shoot a sling bullet. The sling bullet hits the orc priest.
The orc priest is severely wounded.
You shoot a sling bullet.
The sling bullet closely misses the orc priest.
The orc priest calls down the wrath of Beogh upon you.
Beogh smites you!
You die...

#.##.#.# #....%.#
####<#### #......#
#.#.##.# #######
##.#.##.# #.....#
#...[...# #.....#
#..####.# ##.....##
#.@####.# #.......#
#.......# #.......#
#.##o##.# #.#.....#
#.##.##.###.#.o...#
#.......#.>.......#
####.####.........#
#.# #..........
#.####.....#..##
#####..........#..#


You could see an orc priest.

Vanquished Creatures
  3 adders (D:2)
  A worm (D:2)
  2 dart slugs
  8 endoplasms
  4 giant cockroaches
  2 goblins
  8 hobgoblins
  2 jackals (D:1)
  4 quokkas
  7 ball pythons
  2 bats
  5 frilled lizards
  5 kobolds
  A rat (D:1)
54 creatures vanquished.

Notes
Turn   | Place    | Note
-------+----------+-------------------------------------------
     0 | D:1      | qw the Gargoyle Hexslinger began the quest for the Orb.
     0 | D:1      | Reached XP level 1. HP: 12/12 MP: 2/2
     0 | D:1      | 0 ||| qw: Version: 0.3-a-46-gb1f654a
     0 | D:1      | 0 ||| qw: Game counter: 1314
     0 | D:1      | 0 ||| qw: Melee chars always use a shield: true
     0 | D:1      | 0 ||| qw: God list: Okawaru
     0 | D:1      | 0 ||| qw: Allow faded altars: false
     0 | D:1      | 0 ||| qw: Do Orc after clearing Dungeon:15 true
     0 | D:1      | 0 ||| qw: Do second Lair branch before Depths: true
     0 | D:1      | 0 ||| qw: Lair rune preference: random
     0 | D:1      | 0 ||| qw: Goals: Normal
     0 | D:1      | 0 ||| PLANNING D:1-11
   120 | D:1      | Reached XP level 2. HP: 16/16 MP: 3/3
   152 | D:1      | Reached skill level 3 in Ranged Weapons
   263 | D:1      | Reached XP level 3. HP: 21/21 MP: 4/4
   675 | D:1      | 675 ||| UPGRADING to +0 ring mail.
   685 | D:1      | 685 ||| DROPPING +0 robe.
   686 | D:1      | 686 ||| UPGRADING to ring of resist corrosion.
   687 | D:1      | 687 ||| READING scroll labelled OMAORCH GIECOAZ.
   688 | D:1      | 688 ||| DROPPING scroll of poison.
   919 | D:2      | Reached XP level 4. HP: 26/26 MP: 5/5
  1094 | D:2      | Reached skill level 4 in Ranged Weapons
  1392 | D:2      | Found a shadowy altar of Dithmenos.
  1550 | D:2      | 1550 ||| READING scroll labelled JUPUTO ZIGHE.
  1551 | D:2      | 1551 ||| READING scroll labelled DYDWUT TYCA.
  1555 | D:2      | 1555 ||| DRINKING 2 sapphire potions.
  1556 | D:2      | 1556 ||| DROPPING potion of attraction.
  1620 | D:3      | Reached skill level 1 in Armour
  1758 | D:3      | 1758 ||| FLEEEEING.
  1760 | D:3      | 1760 ||| FLEEEEING.
  1761 | D:3      | 1761 ||| FLEEEEING.
  1762 | D:3      | 1762 ||| FLEEEEING.
  1764 | D:3      | 1764 ||| FLEEEEING.
  1765 | D:3      | 1765 ||| FLEEEEING.
  1766 | D:3      | 1766 ||| FLEEEEING.
  1773 | D:3      | 1773 ||| FLEEEEING.
  1774 | D:3      | 1774 ||| FLEEEEING.
  1775 | D:3      | 1775 ||| FLEEEEING.
  1776 | D:3      | 1776 ||| FLEEEEING.
  1777 | D:3      | 1777 ||| FLEEEEING.
  1778 | D:3      | 1778 ||| FLEEEEING.
  1779 | D:3      | 1779 ||| FLEEEEING.
  1794 | D:3      | HP: 4/26 [orc priest/divine providence (10)]
  1797 | D:3      | Killed from afar by an orc priest

Levels and vault maps discovered:
D:1:      lightli_arrival_farm, layout_basic
D:2:      layout_loops_ring, basic_altar, chequers_arboretum
D:3:      layout_loops_cross, mainiacjoe_overflow_tiny_flanked

Skill      XL: |  1  2  3  4 |
---------------+-------------+-----
Ranged Weapons | 3 4 |  4.2
Fighting       | 2 |  2.0
Armour         | 1 |  1.0
Dodging        | |  1.5
Spellcasting   | |  1.0
Hexes          | |  2.6

Action                     |  1- 3 |  4- 6 || total
---------------------------+-------+-------++-------
   Fire: Sling             |   113 |    79 ||   192
    Use: Scroll            |     1 |     2 ||     3
         Potion            |       |     1 ||     1
 Armour: Robe              |    10 |       ||    10
         Ring mail         |    19 |    27 ||    46
  Dodge: Dodged            |    29 |    29 ||    58

Table legend:
 A = Non-vault XP
 B = Vault XP
 C = Vault XP percentage of total XP
 D = Non-vault monster count
 E = Vault monster count
 F = Vault count percentage of total count
                 A         B        C        D         E       F
            +---------+---------+-------+---------+---------+-------
      Total |     130 |       0 |   0.0 |      54 |       0 |   0.0
            +---------+---------+-------+---------+---------+-------
        D:1 |      47 |       0 |   0.0 |      26 |       0 |   0.0
        D:2 |      70 |       0 |   0.0 |      21 |       0 |   0.0
        D:3 |      13 |       0 |   0.0 |       7 |       0 |   0.0
            +---------+---------+-------+---------+---------+-------
